 Dungeon Crawl Stone Soup version 0.29-a0-565-g7a16c6de65 (webtiles) character file.

Game seed: 12819612025331210665

31676 Conn the Arsonist (level 13, -4/111 HPs)
             Began as an Octopode Fire Elementalist on June 12, 2022.
             Was an Elder of Sif Muna.
             Slain by Troll's ghost (10 damage)
             ... on level 11 of the Dungeon.
             The game lasted 01:34:31 (21814 turns).

Conn the Arsonist (Octopode Fire Elementalist)     Turns: 21814, Time: 01:34:34

Health: -4/111     AC: 26    Str:  8    XL:     13   Next: 59%
Magic:  4/37       EV:  2    Int: 21    God:    Sif Muna [****..]
Gold:   1120       SH:  0    Dex: 25    Spells: 7/35 levels left

rFire   + + .      SeeInvis .   a - staff of fire
rCold   + + .      Faith    .   (no shield)
rNeg    . . .      Spirit   .   (helmet currently unavailable)
rPois   +          Reflect  .   D - amulet of regeneration
rElec   .          Harm     .   n - +4 ring of evasion
rCorr   .          Rampage  .   C - ring of protection from cold
Will    +....      NoTele   +   G - ring of magical power
Stlth   ++++......              J - ring of protection from cold
HPRegen 1.08/turn               Q - +6 ring of dexterity
MPRegen 0.25/turn               S - ring of willpower
                                X - +6 ring of dexterity
                                W - ring of protection from fire

@: tree-form, very slightly contaminated
A: stationary, stasis, torment immunity, boosted hp, almost no armour,
(amphibious), 8 rings, (camouflage 1), (gelatinous body 1), (nimble swimmer 1),
(tentacles)
a: Renounce Religion, Channel Magic, Forget Spell, Divine Exegesis


You were on level 11 of the Dungeon.
You worshipped Sif Muna.
Sif Muna was greatly pleased with you.
You were a tree.
You visited 5 branches of the dungeon, and saw 17 of its levels.
You also visited: Sewer and Ossuary.

You collected 1431 gold pieces.
You spent 311 gold pieces at shops.

Inventory:

Hand Weapons
 z - the +7 hand axe "Salazifi" {venom, Will+ Str+2}
   (You found it on level 10 of the Dungeon)

   It poisons the flesh of those it strikes.
   Str:       It affects your strength (+2).
   Will:      It increases your willpower.
 T - a +3 rapier of venom
 V - the +2 quarterstaff of Pain and Death {flame, +Blink rElec rC+ Dex+3}
   (You found it on level 9 of the Dungeon)

   It burns those it strikes, dealing additional fire damage.
   Dex:       It affects your dexterity (+3).
   rC:        It protects you from cold.
   rElec:     It insulates you from electricity.
   +Blink:    It lets you blink.
Missiles
 I - 6 curare-tipped darts
 Z - 2 throwing nets
Magical Staves
 a - a staff of fire (weapon)
 w - a staff of poison
 Y - a staff of earth
Jewellery
 e - an amulet of guardian spirit
 n - a +4 ring of evasion (left branch)
 r - an amulet of the acrobat
 C - a ring of protection from cold (right branch)
 D - an amulet of regeneration (around neck)
 G - a ring of magical power (on tentacle)
 J - a ring of protection from cold (on tentacle)
 Q - a +6 ring of dexterity (on tentacle)
 S - a ring of willpower (on tentacle)
 W - a ring of protection from fire (on tentacle)
 X - a +6 ring of dexterity (on tentacle)
Wands
 f - a wand of flame (6)
 l - a wand of paralysis (6)
 s - a wand of digging (3)
 F - a wand of acid (19)
Scrolls
 b - 2 scrolls of magic mapping
 i - a scroll of enchant armour
 k - 3 scrolls of fear
 o - 6 scrolls of immolation
 p - 4 scrolls of teleportation
 v - 5 scrolls of poison
 x - 3 scrolls of amnesia
 A - a scroll of enchant weapon
 B - 3 scrolls of silence
 N - 2 scrolls of summoning
 R - a scroll of blinking
 U - 2 scrolls of fog
Potions
 d - 2 potions of curing
 g - 4 potions of attraction
 h - 2 potions of lignification
 m - 11 potions of flight
 q - 2 potions of haste
 t - a potion of brilliance
 y - a potion of magic
 E - 3 potions of resistance
 H - a potion of might {unknown}
 K - 2 potions of cancellation
 L - a potion of ambrosia {unknown}
 O - 2 potions of berserk rage {unknown}
 P - 2 potions of mutation {unknown}


   Skills:
 + Level 2.0 Fighting
 + Level 2.1 Short Blades
 + Level 3.3 Polearms
 + Level 0.2(2.0) Staves
 + Level 3.7 Dodging
 + Level 6.8 Stealth
 + Level 11.7 Spellcasting
 * Level 9.9 Conjurations
 + Level 3.5 Hexes
 + Level 1.2 Summonings
 * Level 12.8 Fire Magic
 + Level 2.1 Air Magic
 + Level 2.7 Poison Magic
 * Level 6.9 Invocations


You had 7 spell levels left.
You knew the following spells:

 Your Spells              Type           Power      Damage    Failure   Level
a - Foxfire               Conj/Fire      100%       2x1d9     1%          1
b - Conjure Flame         Conj/Fire      74%        6-21      1%          3
c - Inner Flame           Hex/Fire       63%        N/A       1%          3
d - Flame Wave            Conj/Fire      74%        2d13      1%          4
e - Scorch                Fire           100%       2d10      1%          2
f - Mephitic Cloud        Conj/Pois/Air  33%        N/A       2%          3
g - Call Imp              Summ           17%        N/A       4%          2
h - Fireball              Conj/Fire      37%        3d15      1%          5
i - Iskenderun's Battles  Conj           52%        2d10      2%          5

Your spell library contained the following spells:

 Spells                   Type           Power      Damage    Failure   Level
 Magic Dart               Conj           100%       1d8       1%          1
 Tukima's Dance           Hex            27%        N/A       3%          3
 Ensorcelled Hibernation  Hex/Ice        38%        N/A       4%          2
 Portal Projectile        Hex/Tloc       38%        N/A       8%          3
 Spider Form              Tmut/Pois      18%        N/A       10%         3
 Olgreb's Toxic Radiance  Pois           23%        N/A       19%         4
 Anguish                  Hex/Necr       9%         N/A       26%         4
 Silence                  Hex/Air        12%        N/A       43%         5
 Animate Dead             Necr           12%        N/A       47%         4
 Passage of Golubria      Tloc           12%        N/A       47%         4
 Conjure Ball Lightning   Conj/Air       18%        3x3d6     56%         6
 Orb of Destruction       Conj           26%        9d9       61%         7
 Iron Shot                Conj/Erth      16%        9d4       73%         6
 Blade Hands              Tmut           6%         N/A       83%         5
 Haunt                    Necr/Summ      7%         N/A       100%        7
 Ozocubu's Refrigeration  Ice            6%         4d6       100%        7
 Ignition                 Fire           39%        3d12      88%         8
 Infestation              Necr           6%         N/A       100%        8
 Lehudib's Crystal Spear  Conj/Erth      16%        10d5      100%        8
 Animate Armour           Summ/Erth      Unusable   N/A       N/A         4

Dungeon Overview and Level Annotations

Branches:
Dungeon (11/15)            Temple (1/1) D:5            Lair (2/6) D:11
    Orc (2/2) D:9             Elf (1/3) Orc:2         Sewer (visited)
Ossuary (visited)
  Swamp: Lair:2-4    Shoals: Lair:2-4     Snake: Lair:2-4    Spider: Lair:2-4

Altars:
Ashenzari
Cheibriados
Elyvilon
Gozag
Nemelex Xobeh
Okawaru
Qazlal
Ru
Sif Muna
Trog
Vehumet
Wu Jian
Xom
Zin
The Shining One
Beogh

Shops:
D:4 *   D:5 *   Orc:1 *   Orc:2 (?(?=

Annotations:
D:11 Troll's ghost, journeyman MiFi


Innate Abilities, Weirdness & Mutations

You are a tree.
Your roots penetrate the ground, keeping you stationary.
You cannot be teleported.
You are immune to unholy pain and torment.
Your maximum health is greatly increased.
You cannot wear most types of armour.
((You are amphibious.))
You can wear up to eight rings at the same time.
((Your skin changes colour to match your surroundings (Stealth+).))
((Your rubbery body absorbs attacks. (AC +1, EV +1)))
((You are camouflaged when in or above water. (Stealth+)))
((You have tentacles for arms and can constrict up to eight enemies at once.))


Message History

Troll's ghost is almost destroyed.
The foxfire hits Troll's ghost but does no damage.
Troll's ghost is almost destroyed.
Troll's ghost hits you!!
* * * LOW HITPOINT WARNING * * *
Aiming: Corrosive Bolt
Press: ? - help, Shift-Dir - straight line, f - Troll's ghost
Aim: Troll's ghost, wielding a weapon of flaming (almost destroyed, 68% to hit)
The bolt of acid hits Troll's ghost!
The acid corrodes Troll's ghost!
Troll's ghost is almost destroyed.
Troll's ghost barely misses you.
Okay, then.
Really quaff the potion of lignification?
You turn into a tree.
Your roots penetrate the ground.
Troll's ghost hits you but does no damage.
Casting: Foxfire (safe; 1% risk of failure)
Confirm with . or Enter, or press ? or * to list all spells.
You miscast Iskenderun's Battlesphere.
You are very lightly contaminated with residual magic.
Nothing appears to happen.
Troll's ghost hits you!
* * * LOW HITPOINT WARNING * * *
Unknown command.
Casting: Iskenderun's Battlesphere (dangerous; 2% risk of failure)
Confirm with . or Enter, or press ? or * to list all spells.
You conjure a globe of magical energy.
Troll's ghost hits you!
* * * LOW HITPOINT WARNING * * *
Unknown command.
You feel better. Troll's ghost hits you!
* * * LOW HITPOINT WARNING * * *
Troll's ghost burns you.
* * * LOW HITPOINT WARNING * * *
Okay, then.
Okay, then.
Aiming: Corrosive Bolt
Press: ? - help, Shift-Dir - straight line, f/p - Troll's ghost
Aim: Troll's ghost, wielding a weapon of flaming (almost destroyed, covered in acid, 68% to hit)
The bolt of acid hits Troll's ghost.
Troll's ghost is almost destroyed.
Troll's ghost hits you!
You die...

......#.......#.#>...#..#..#.....
......#.......#.######..#..#.....
......+.......#.........#..#.....
......#..?#####......<..#..#.....
......#..?#.............'.>######
......'..[#.............#........
......#.."#####.........#.....###
#######[.[....#+####'####.....#
.......().......♣>............#
#####...)......W*.............#
....#...).....................###
....#............................
.........................######..
..8......[.[....8........# #..
..######)''######........# #.#
###.............##'####..# #.#
..#....#####....#.....#..# #.#


You could see Troll's ghost (corroded) and a friendly battlesphere.

Vanquished Creatures
  Nessos (Orc:2)
  Snorg (Orc:2)
  3 hydras
  A boulder beetle (D:11)
  A centaur warrior (D:10)
  3 two-headed ogres
  2 lindwurms (Lair:2)
  6 orc knights (Orc:2)
  2 cyclopes
  3 black mambas
  8 cane toads
  2 rime drakes
  A komodo dragon (Lair:1)
  2 unseen horrors
  4 trolls
  5 blink frogs (Lair:1)
  A hornet (D:10)
  2 dream sheep (Lair:2)
  A wyvern (D:10)
  23 yaks
  A wraith (D:11)
  A basilisk (Lair:1)
  5 vampire mosquitoes
  3 wargs
  4 water moccasins
  An acid dragon (D:9)
  31 orc warriors
  An ice beast (D:6)
  A sky beast (D:7)
  A black bear (D:5)
  7 ogres
  6 wolves (Lair:2)
  16 centaurs
  2 phantoms
  9 bullfrogs
  3 necrophages
  A kobold brigand (D:10)
  A gnoll sergeant (D:9)
  A scorpion (D:5)
  7 wights (D:9)
  10 killer bees
  A howler monkey (D:9)
  3 jellies
  2 centaur zombies (Ossuary)
  A human zombie (Ossuary)
  2 hounds
  8 orc priests
  2 gnoll shamans
  An iron imp (D:11)
  3 iguanas
  17 orc wizards
  2 mummies (Ossuary)
  21 gnolls
  10 adders
  6 river rats (Sewer)
  An ufetubus (D:7)
  2 adder zombies (Ossuary)
  3 worms
  5 dart slugs
  61 orcs
  9 ball pythons
  16 bats
  9 endoplasms
  6 giant cockroaches
  8 goblins
  9 hobgoblins
  10 jackals
  5 kobolds
  9 quokkas
  4 frilled lizards
  A goblin zombie (Ossuary)
  10 hobgoblin zombies (Ossuary)
  5 jackal zombies (Ossuary)
  7 kobold zombies (Ossuary)
  9 orc zombies (Ossuary)
  7 rats
  A foxfire (Orc:2)
460 creatures vanquished.

Vanquished Creatures (collateral kills)
  A killer bee (D:9)
  3 foxfires (D:6)
4 creatures vanquished.

Vanquished Creatures (others)
  An ogre (Orc:2)
  1562 foxfires
  8 fungi
  22 plants
1593 creatures vanquished.

Grand Total: 2057 creatures vanquished

Notes
Turn   | Place    | Note
-------+----------+-------------------------------------------
     0 | D:1      | Conn the Octopode Fire Elementalist began the quest for the
                  | Orb.
     0 | D:1      | Reached XP level 1. HP: 11/11 MP: 3/3
   445 | D:1      | Reached XP level 2. HP: 17/17 MP: 1/5
   986 | D:1      | Reached XP level 3. HP: 9/21 MP: 1/6
  1667 | D:1      | Learned a level 2 spell: Scorch
  1671 | D:1      | Learned a level 3 spell: Conjure Flame
  1675 | D:1      | Found a faded altar of an unknown god.
  2474 | D:2      | Reached XP level 4. HP: 16/27 MP: 1/7
  2623 | D:2      | Reached skill level 1 in Short Blades
  3404 | D:3      | Reached skill level 4 in Fire Magic
  3404 | D:3      | Reached XP level 5. HP: 31/31 MP: 9/9
  3654 | D:3      | Found an ornate altar of the Wu Jian Council.
  3654 | D:3      | Found a shimmering altar of Xom.
  3979 | D:4      | Found a glowing drain.
  3988 | Sewer    | Entered a sewer
  4408 | Sewer    | Reached skill level 1 in Polearms
  4408 | Sewer    | Reached XP level 6. HP: 37/37 MP: 4/10
  5421 | D:4      | Learned a level 3 spell: Inner Flame
  5616 | D:4      | Found Ihink's General Store.
  5630 | D:4      | Found a white marble altar of Elyvilon.
  5643 | D:4      | Bought a ring of magical power for 240 gold pieces
  5643 | D:4      | Bought a scroll of poison for 42 gold pieces
  5966 | D:5      | Entered Level 5 of the Dungeon
  5994 | D:5      | Found a staircase to the Ecumenical Temple.
  5997 | D:5      | HP: 1/37 [ogre/+0 giant spiked club (36)]
  5999 | D:5      | Reached XP level 7. HP: 3/42 MP: 3/12
  6371 | D:5      | Reached skill level 5 in Fire Magic
  6627 | D:5      | Reached XP level 8. HP: 47/47 MP: 1/14
  6754 | D:5      | Found Utro's Assorted Antiques.
  6939 | D:5      | Reached skill level 6 in Fire Magic
  6994 | D:5      | Reached skill level 5 in Stealth
  6994 | D:5      | Reached skill level 5 in Spellcasting
  7808 | D:6      | Found a radiant altar of Vehumet.
  8476 | D:6      | Reached skill level 1 in Fighting
  8647 | D:7      | Reached XP level 9. HP: 53/53 MP: 8/18
  8800 | D:7      | Found a sand-covered staircase.
  8824 | Ossuary  | Entered an ossuary
  9203 | Ossuary  | Reached skill level 7 in Fire Magic
  9462 | Temple   | Entered the Ecumenical Temple
  9473 | Temple   | Became a worshipper of Sif Muna the Loreminder
 10689 | D:8      | Killed an unseen horror
 10690 | D:8      | Reached skill level 1 in Hexes
 11125 | D:8      | Reached skill level 5 in Conjurations
 11131 | D:8      | Reached skill level 8 in Fire Magic
 11138 | D:8      | Reached * piety under Sif Muna
 11139 | D:8      | Reached XP level 10. HP: 45/59 MP: 18/22
 11549 | D:8      | Learned a level 4 spell: Flame Wave
 11553 | D:8      | Learned a level 3 spell: Mephitic Cloud
 11556 | D:8      | Learned a level 2 spell: Call Imp
 11566 | D:9      | Found a staircase to the Orcish Mines.
 11684 | D:9      | Identified the +2 quarterstaff of Pain and Death {flame,
                  | +Blink rElec rC+ Dex+3}
 11771 | D:9      | Noticed a two-headed ogre
 11780 | D:9      | Killed a two-headed ogre
 11781 | D:9      | Reached skill level 1 in Poison Magic
 12004 | D:9      | Found a glowing silver altar of Zin.
 12061 | D:9      | Reached skill level 9 in Fire Magic
 12074 | D:9      | Reached ** piety under Sif Muna
 12387 | D:9      | Found a stormy altar of Qazlal.
 12538 | D:10     | Entered Level 10 of the Dungeon
 12625 | D:10     | Learned a level 5 spell: Fireball
 12631 | D:10     | Found a sparkling altar of Nemelex Xobeh.
 12781 | D:10     | Noticed a centaur warrior
 12806 | D:10     | Reached XP level 11. HP: 63/63 MP: 21/24
 12936 | D:9      | Found a glowing golden altar of the Shining One.
 12964 | D:10     | Killed a centaur warrior
 12965 | D:10     | Reached skill level 1 in Invocations
 12972 | D:10     | Noticed a two-headed ogre
 12978 | D:10     | Killed a two-headed ogre
 13098 | D:10     | Identified the +7 hand axe "Salazifi" {venom, Will+ Str+2}
 13579 | D:10     | Noticed a two-headed ogre
 13591 | D:10     | Killed a two-headed ogre
 13857 | Orc:1    | Entered Level 1 of the Orcish Mines
 13905 | Orc:1    | Reached skill level 10 in Fire Magic
 14097 | Orc:1    | Identified a scroll of acquirement
 14097 | Orc:1    | Acquired a staff of fire
 14312 | Orc:1    | Found Fanoag's Assorted Antiques.
 14322 | Orc:1    | Bought a blue potion for 29 gold pieces
 14489 | Orc:2    | Entered Level 2 of the Orcish Mines
 14521 | Orc:2    | Noticed Snorg
 14522 | Orc:2    | Noticed Nessos
 14630 | Orc:1    | Learned a level 5 spell: Iskenderun's Battlesphere
 14631 | Orc:2    | Noticed a cyclops
 14631 | Orc:2    | Found a staircase to the Elven Halls.
 14638 | Orc:2    | Noticed an orc knight
 14643 | Orc:2    | Killed a cyclops
 14643 | Orc:2    | Reached *** piety under Sif Muna
 14927 | Orc:2    | Noticed an orc knight
 14929 | Orc:2    | Killed an orc knight
 14930 | Orc:2    | Reached skill level 10 in Spellcasting
 14939 | Orc:2    | Found Tegato's Weapon Boutique.
 14962 | Orc:2    | Killed an orc knight
 14963 | Orc:2    | Reached skill level 1 in Air Magic
 15000 | Orc:2    | Noticed an orc knight
 15016 | Orc:2    | Killed an orc knight
 15017 | Orc:2    | Reached XP level 12. HP: 37/70 MP: 1/26
 15583 | Orc:2    | Killed Nessos
 15584 | Orc:2    | Reached skill level 11 in Fire Magic
 15774 | Orc:2    | Found Enezautio's Magic Scroll Boutique.
 15774 | Orc:2    | Found Xeoll's Weapon Shoppe.
 15776 | Orc:2    | Found Naiq's Magic Scroll Emporium.
 15778 | Orc:2    | Found Neruisy's Jewellery Shop.
 15806 | Orc:2    | Reached skill level 5 in Invocations
 15933 | Orc:2    | Reached **** piety under Sif Muna
 16789 | Orc:2    | Killed Snorg
 17301 | Elf:1    | Entered Level 1 of the Elven Halls
 17307 | Elf:1    | Noticed a deep elf demonologist
 17314 | Elf:1    | Noticed a soul eater
 17315 | Elf:1    | Noticed an Ice Fiend
 17479 | D:11     | Found a staircase to the Lair.
 17490 | D:11     | Found a snail-covered altar of Cheibriados.
 17595 | D:11     | Found a runed translucent gate.
 17595 | D:11     | Found a runed translucent gate.
 17595 | D:11     | Found a runed translucent gate.
 17598 | D:11     | Noticed Troll's ghost (journeyman MiFi)
 17602 | D:11     | Identified the +9 plate armour of the Guava {rCorr}
 18234 | D:11     | Noticed a boulder beetle
 18245 | D:11     | Killed a boulder beetle
 18776 | Lair:1   | Entered Level 1 of the Lair of Beasts
 19093 | Lair:1   | Reached skill level 12 in Fire Magic
 19097 | Lair:1   | Reached skill level 1 in Summonings
 19097 | Lair:1   | Reached XP level 13. HP: 74/74 MP: 12/28
 20598 | Lair:2   | Found a broken altar of Ashenzari.
 21813 | D:11     | HP: 4/111 [Troll's ghost (2)]
 21814 | D:11     | Slain by Troll's ghost

Illustrated notes

Levels and vault maps discovered:
D:1:      eino_arrival_water_cross, layout_loops_corners,
          shapermc_ecumenical_altar_petra, serial_glass, glass_columns_b,
          glass_columns_a
D:2:      layout_basic, minmay_split_cup_large
D:3:      layout_rooms, minitemple, minmay_misc_feat_roman
D:4:      cheibrodos_quashed, layout_rooms, nicolae_elyvilon_temple_path,
          serial_shops, shop_fountains, serial_corexii_hall,
          corexii_hall_statues_x, chequers_hall_statues_corner_a,
          cheibrodos_sewer_entry_drain, minmay_misc_feat_encased,
          minmay_pentomino_pile
D:5:      layout_basic, minmay_temple_entry_waves, serial_shops,
          nicolae_shop_overgrown_old_shop, minmay_parallelograms,
          supply_closet_lemuel, chequers_serial_rivers_room_a, corner_web_ring
D:6:      layout_cave_pods, mainiacjoe_overflow_boulevard, patterned_corridor
D:7:      layout_loops_ring, nicolae_ossuary_entry_ruins
D:8:      layout_loops_corners
D:9:      layout_rooms, mainiacjoe_overflow_six_doors_small,
          nicolae_overflow_hidden_temple, zin_scriptorium, orc_0_dummy
D:10:     layout_basic, mainiacjoe_overflow_cross_hatched
D:11:     layout_irregular_city, lair_entry_dummy, biasface_ghost_orc_armoury,
          slow_altar_1
Temple:   eino_temple_water
Lair:1:   layout_regular_city
Lair:2:   layout_cave_shapes, basic_altar, nicolae_lair_lindhole,
          infiniplex_staircase_pool_2, grunt_megastairs_4
Orc:1:    layout_caves, serial_shops, nicolae_shop_overgrown_old_shop
Orc:2:    st_orc_rangers, layout_caves, serial_shops, nicolae_shop_trees,
          nicolae_orc_bridge_out, guppyfry_library_mini, uniq_nessos, uniq_snorg
Elf:1:    layout_geoelf_octagon, special_room [special_room_orc], serial_shops,
          nicolae_shop_hallway_stairs, hangedman_elven_crosses_minicolossus,
          uniq_azrael

Skill      XL: |  1  2  3  4  5  6  7  8  9 10 11 12 |
---------------+-------------------------------------+-----
Stealth        | 3 4 5 6 |  6.8
Short Blades   | 1 2 |  2.1
Fire Magic     | 4 5 6 8 9 10 12 | 12.8
Conjurations   | 2 3 4 5 6 7 9 |  9.9
Spellcasting   | 3 4 6 8 9 10 11 | 11.7
Polearms       | 1 2 3 |  3.3
Fighting       | 1 2 |  2.0
Hexes          | 1 2 3 |  3.5
Poison Magic   | 1 2 |  2.7
Invocations    | 4 6 |  6.9
Air Magic      | 1 2 |  2.1
Dodging        | 3 |  3.7
Summonings     | 1 |  1.2
Staves         | |  0.2

Action                   |  1- 3 |  4- 6 |  7- 9 | 10-12 | 13-15 || total
-------------------------+-------+-------+-------+-------+-------++-------
Melee: Short sword       |    33 |    10 |       |       |       ||    43
       Constrict         |     9 |     8 |    15 |    15 |     1 ||    48
       Tentacles         |     6 |     2 |    12 |    15 |     1 ||    36
       Punch             |     1 |       |     1 |     1 |       ||     3
       Trident           |       |    36 |    51 |       |       ||    87
       Rapier            |       |       |       |    11 |       ||    11
       Staff             |       |       |       |    19 |     2 ||    21
       Hand axe          |       |       |       |     6 |     4 ||    10
       Quarterstaff      |       |       |       |     6 |     6 ||    12
 Cast: Foxfire           |    59 |   144 |   196 |   406 |    84 ||   889
       Scorch            |       |     8 |    70 |    71 |    23 ||   172
       Conjure Flame     |       |       |     2 |    12 |     1 ||    15
       Inner Flame       |       |       |    11 |    40 |     5 ||    56
       Mephitic Cloud    |       |       |       |    42 |    10 ||    52
       Flame Wave        |       |       |       |    10 |     7 ||    17
       Fireball          |       |       |       |    14 |    18 ||    32
       Iskenderun's Batt |       |       |       |    14 |     9 ||    23
       Call Imp          |       |       |       |     3 |     1 ||     4
Invok: Channel Magic     |       |       |       |     1 |     1 ||     2
 Abil: Evoke Blink       |       |       |       |     1 |       ||     1
Evoke: Wand              |       |       |       |     5 |     2 ||     7
  Use: Potion            |       |     4 |       |     6 |     5 ||    15
       Scroll            |       |     3 |     1 |    12 |     4 ||    20
 Stab: Sleeping          |     7 |    14 |     6 |     1 |       ||    28
       Confused          |       |       |       |     1 |       ||     1
Armor: Skin              |    11 |       |     3 |     1 |    13 ||    28
Dodge: Dodged            |    47 |    49 |    68 |   123 |    50 ||   337

Table legend: (Time is in decaauts)
 A = Elapsed time spent in this place.
 B = Non-inter-level travel time spent in this place.
 C = Inter-level travel time spent in this place.
 D = Time resting spent in this place.
 E = Time spent auto-exploring this place.
 F = Levels seen in this place.
 G = Mean time per level.
                   A        B        C        D        E       F      G
               +--------+--------+--------+--------+--------+-----+--------+
         Total |  21844 |  21221 |    623 |   1433 |  15194 |  19 | 1149.7 |
       Dungeon |  13734 |  13301 |    433 |    619 |  10041 |  11 | 1248.5 |
        Temple |     21 |     16 |      5 |      0 |      1 |   1 |   21.0 |
          Lair |   3004 |   2948 |     56 |    105 |   2406 |   2 | 1502.0 |
  Orcish Mines |   3490 |   3362 |    128 |    709 |   1741 |   2 | 1745.0 |
   Elven Halls |     15 |     15 |      0 |      0 |      0 |   1 |   15.0 |
         Sewer |    985 |    985 |      0 |      0 |    613 |   1 |  985.0 |
       Ossuary |    593 |    593 |      0 |      0 |    392 |   1 |  593.0 |
               +--------+--------+--------+--------+--------+-----+--------+

Top non-repeatable levels by time:
   Orc:2: 2220 daAuts
     D:1: 2045 daAuts
     D:5: 1732 daAuts
  Lair:2: 1560 daAuts
  Lair:1: 1444 daAuts
    D:10: 1431 daAuts
     D:2: 1372 daAuts
     D:8: 1346 daAuts
    D:11: 1300 daAuts
   Orc:1: 1269 daAuts
     D:4: 1028 daAuts
     D:6: 1014 daAuts
     D:7: 993 daAuts
   Sewer: 985 daAuts
     D:9: 917 daAuts
